 Dungeon Crawl Stone Soup version 0.30.0 (webtiles) character file.

Game seed: 3156655044172481005

303 Dani the Chopper (level 6, 0/47 HPs)
             Began as a Demonspawn Fighter on May 21, 2023.
             Slain by an ice beast (13 damage)
             ... on level 5 of the Dungeon.
             The game lasted 00:04:39 (3373 turns).

Dani the Chopper (Demonspawn Fighter)               Turns: 3373, Time: 00:04:40

Health: 0/47       AC: 10    Str: 17    XL:     6   Next: 15%
Magic:  6/6        EV:  9    Int: 11    God:
Gold:   176        SH:  4    Dex: 12    Spells: 5/5 levels left

rFire   . . .        a - +1 war axe
rCold   . . .        c - +0 buckler
rNeg    . . .        b - +1 scale mail
rPois   .            (no helmet)
rElec   .            (no cloak)
rCorr   .            e - +2 pair of gloves
SInv    .            (no boots)
Will    .....        y - amulet of regeneration Stlth
                     (no ring)
HPRegen 1.07/turn    (no ring)
MPRegen 0.10/turn

%: no passive effects
@: no status effects
A: claws 1, demonic magic 1
a: no special abilities


You were on level 5 of the Dungeon.
You visited 1 branch of the dungeon, and saw 5 of its levels.

You collected 176 gold pieces.

Inventory:

Hand Weapons
 a - a +1 war axe (weapon)
Armour
 b - a +1 scale mail (worn)
 c - a +0 buckler (worn)
 e - a +2 pair of gloves (worn)
   (You found it on level 1 of the Dungeon)
Jewellery
 y - an amulet of regeneration (around neck)
   (You found it on level 4 of the Dungeon)
Wands
 i - a wand of polymorph (10)
   (You took it off Ijyb on level 3 of the Dungeon)
Scrolls
 k - a scroll of immolation
 R - a scroll of identify {@r1}
 T - a scroll of teleportation
Potions
 d - a potion of might
 f - a potion of cancellation {unknown}
 g - a potion of mutation {unknown}
 h - a potion of magic {unknown}
 j - 2 potions of attraction {unknown}
 l - a potion of experience {unknown}
 m - a potion of brilliance {unknown}
 n - a potion of degeneration {unknown}
 o - a potion of haste {unknown}
 Q - a potion of curing {@q1}


   Skills:
 - Level 3.0 Fighting
 + Level 6.0 Axes
 - Level 2.6 Armour
 - Level 2.6 Shields


You had 5 spell levels left.
You didn't know any spells.
Your spell library contained the following spells:

 Spells                   Type           Power      Damage    Failure   Level
 Necrotise                Necr           0%         1d4       83%         1
 Vampiric Draining        Necr           0%         2d6       99%         3
 Agony                    Necr           0%         N/A       100%        5


Dungeon Overview and Level Annotations

Branches:
Dungeon (5/15)
 Temple: D:4-7

Altars:
Kikubaaqudgha

Annotations:
D:3 2 transporters, IceLeopardTea's ghost, amateur KoBr


Innate Abilities, Weirdness & Mutations

You have sharp fingernails.
Spells you cast may paralyse adjacent enemies.


Message History

Key pressed, stopping explore.
No target in view!
Key pressed, stopping explore.
No target in view!
As you open the door, it creaks loudly!
There is an open door here.
There is an open door here.
You open the door.
Key pressed, stopping explore.
There is an open door here.
An iguana comes into view.
An iguana is nearby!
An iguana is nearby!
An iguana is nearby!
You slash the iguana!
The iguana is severely wounded.
The iguana barely misses you.
You hit the iguana but do no damage.
The iguana is severely wounded.
The iguana closely misses you.
The iguana bites you but does no damage.
You barely miss the iguana.
The iguana is severely wounded.
You block the iguana's attack.
You hit the iguana.
The iguana is almost dead.
The iguana closely misses you.
You closely miss the iguana.
The iguana is almost dead.
The iguana bites you but does no damage.
You closely miss the iguana.
The iguana is almost dead.
The iguana bites you.
You slash the iguana!
You kill the iguana!
Your Axes skill increases to level 6!
No target in view!
No target in view!
No target in view!
No target in view!
No target in view!
HP restored.
You see here an iguana corpse.
You open the door.
An ice beast comes into view.
There is an open door here.
Found a book of Callings.
An ice beast is nearby!
You barely miss the ice beast.
The ice beast hits you but does no damage.
An ice beast is nearby!
You barely miss the ice beast.
The ice beast hits you but does no damage.
An ice beast is nearby!
An ice beast is nearby!
You barely miss the ice beast. The ice beast barely misses you.
You closely miss the ice beast. The ice beast barely misses you.
An ice beast is nearby!
You hit the ice beast but do no damage.
The ice beast hits you but does no damage.
The ice beast hits you. The ice beast freezes you!
You hit the ice beast.
The ice beast is lightly wounded.
The ice beast hits you. The ice beast freezes you!
* * * LOW HITPOINT WARNING * * *
You hit the ice beast.
The ice beast is lightly wounded.
The ice beast hits you but does no damage.
You barely miss the ice beast.
The ice beast is lightly wounded.
The ice beast closely misses you.
You slash the ice beast!
The ice beast is moderately wounded.
The ice beast hits you but does no damage.
You hit the ice beast.
The ice beast is severely wounded.
The ice beast hits you.
* * * LOW HITPOINT WARNING * * *
The ice beast freezes you.
* * * LOW HITPOINT WARNING * * *
You block the ice beast's attack.
You closely miss the ice beast.
The ice beast is heavily wounded.
The ice beast hits you but does no damage.
You hit the ice beast but do no damage.
The ice beast is heavily wounded.
The ice beast hits you but does no damage.
You completely miss the ice beast.
The ice beast is heavily wounded.
The ice beast misses you.
You slash the ice beast!
The ice beast is almost dead.
The ice beast hits you.
* * * LOW HITPOINT WARNING * * *
The ice beast freezes you!
* * * LOW HITPOINT WARNING * * *
The ice beast hits you.
* * * LOW HITPOINT WARNING * * *
The ice beast freezes you!
You die...

#.....#....#...#
#.....#....#...#
..:####
#.....'....#...#
.......
#.....#....#...#
.......
#.....#....#...#
.......
#######....#...# .....
....)......'...# ...#
...........#†..##Y..###
.......#####...'@.....#
.......# #....#......#
.....).# #....#......#
.......# #############
########


You could see an ice beast.

Vanquished Creatures
  A howler monkey (D:4)
  Ijyb (D:3)
  4 iguanas
  3 adders
  2 worms
  3 dart slugs
  An orc (D:5)
  11 endoplasms
  2 giant cockroaches (D:4)
  10 goblins
  7 hobgoblins
  12 jackals
  5 kobolds
  5 quokkas
  7 ball pythons
  8 bats
  4 frilled lizards
  12 rats
98 creatures vanquished.

Vanquished Creatures (others)
  8 plants
8 creatures vanquished.

Grand Total: 106 creatures vanquished

Notes
Turn   | Place    | Note
-------+----------+-------------------------------------------
     0 | D:1      | Dani the Demonspawn Fighter began the quest for the Orb.
     0 | D:1      | Reached XP level 1. HP: 18/18 MP: 1/1
    52 | D:1      | Reached skill level 2 in Axes
   147 | D:1      | Found a faded altar of an unknown god.
   167 | D:1      | Gained mutation: You have sharp fingernails. [demonic
                  | ancestry]
   167 | D:1      | Reached XP level 2. HP: 21/24 MP: 2/2
   494 | D:1      | Reached skill level 3 in Axes
   516 | D:1      | Gained mutation: Spells you cast may paralyse adjacent
                  | enemies. [demonic ancestry]
   516 | D:1      | Reached XP level 3. HP: 20/29 MP: 3/3
  1096 | D:2      | Reached XP level 4. HP: 22/35 MP: 4/4
  1101 | D:2      | Reached skill level 4 in Axes
  2037 | D:3      | Noticed Ijyb
  2051 | D:3      | Killed Ijyb
  2099 | D:3      | Found a transporter.
  2099 | D:3      | Found a transporter.
  2182 | D:3      | Noticed IceLeopardTea's ghost (amateur KoBr)
  2212 | D:3      | Reached XP level 5. HP: 41/41 MP: 5/5
  2493 | D:3      | Found an ancient bone altar of Kikubaaqudgha.
  2603 | D:4      | Found a faded altar of an unknown god.
  2630 | D:4      | Reached skill level 5 in Axes
  2881 | D:4      | Reached XP level 6. HP: 32/47 MP: 6/6
  3310 | D:5      | Entered Level 5 of the Dungeon
  3350 | D:5      | Reached skill level 6 in Axes
  3358 | D:5      | Noticed an ice beast
  3373 | D:5      | Slain by an ice beast

Illustrated notes

Levels and vault maps discovered:
D:1:      dpeg_arrival_subterranean_lakeside_camping, layout_loops_corners,
          basic_ecumenical_altar, st_stairs_3
D:2:      layout_basic, grunt_ministairs_8, minmay_vboxes
D:3:      layout_loops_ring, overflow_temple_1_default,
          gammafunk_ghost_gnarly_gnolls, chequers_serial_rivers_micro_d,
          minmay_misc_feat_cross, uniq_ijyb
D:4:      layout_cave_pools, serial_column_ruins, column_ruins_temple_circle,
          column_ruins_circle_small, column_ruins_columns_straight,
          column_ruins_corridor_straight, column_ruins_open_tiny,
          column_ruins_open_tiny, column_ruins_corridor_straight,
          column_ruins_open_large
D:5:      layout_gridville, minmay_temple_entry_metal_lava,
          hangedman_decor_push, serial_bayou_lake_a

Skill      XL: |  1  2  3  4  5  6 |
---------------+-------------------+-----
Axes           | 2 3 4 5 6 |  6.0
Fighting       | |  3.0
Armour         | |  2.6
Shields        | |  2.6

Action                     |  1- 3 |  4- 6 || total
---------------------------+-------+-------++-------
  Melee: War axe           |   111 |   163 ||   274
         Unarmed           |       |     7 ||     7
    Use: Scroll            |     2 |     4 ||     6
         Potion            |       |     3 ||     3
 Armour: Scale mail        |    83 |   101 ||   184
         Skin              |       |     2 ||     2
  Dodge: Dodged            |    63 |    99 ||   162
  Block: Buckler           |    26 |    35 ||    61

Levels and vault maps discovered:
D:1:      dpeg_arrival_subterranean_lakeside_camping, layout_loops_corners,
          basic_ecumenical_altar, st_stairs_3
D:2:      layout_basic, grunt_ministairs_8, minmay_vboxes
D:3:      layout_loops_ring, overflow_temple_1_default,
          gammafunk_ghost_gnarly_gnolls, chequers_serial_rivers_micro_d,
          minmay_misc_feat_cross, uniq_ijyb
D:4:      layout_cave_pools, serial_column_ruins, column_ruins_temple_circle,
          column_ruins_circle_small, column_ruins_columns_straight,
          column_ruins_corridor_straight, column_ruins_open_tiny,
          column_ruins_open_tiny, column_ruins_corridor_straight,
          column_ruins_open_large
D:5:      layout_gridville, minmay_temple_entry_metal_lava,
          hangedman_decor_push, serial_bayou_lake_a

Table legend: (Time is in decaauts)
 A = Elapsed time spent in this place.
 B = Non-inter-level travel time spent in this place.
 C = Inter-level travel time spent in this place.
 D = Time resting spent in this place.
 E = Time spent auto-exploring this place.
 F = Levels seen in this place.
 G = Mean time per level.
                   A        B        C        D        E       F      G
               +--------+--------+--------+--------+--------+-----+--------+
         Total |   3467 |   3317 |    150 |      0 |   2622 |   5 |  693.4 |
       Dungeon |   3467 |   3317 |    150 |      0 |   2622 |   5 |  693.4 |
               +--------+--------+--------+--------+--------+-----+--------+

Top non-repeatable levels by time:
     D:1: 984 daAuts
     D:2: 960 daAuts
     D:4: 732 daAuts
     D:3: 722 daAuts
     D:5: 67 daAuts

Table legend:
 A = Kills in this place as a percentage of kills in the entire game.
 B = Kills by you in this place as a percentage of kills by you in the entire game.
 C = Kills by friends in this place as a percentage of kills by friends in the entire game.
 D = Other kills in this place as a percentage of other kills in the entire game.
 E = Experience gained in this place as a percentage of experience gained in the entire game.
 F = Experience gained in this place divided by the number of levels of this place that you have seen.
                   A       B       C       D       E      F
               +-------+-------+-------+-------+-------+----------------------
         Total | 100.0 | 100.0 |   N/A |   N/A | 100.0 |  86.6
       Dungeon | 100.0 | 100.0 |   N/A |   N/A | 100.0 |  86.6
               +-------+-------+-------+-------+-------+----------------------
